 Dungeon Crawl Stone Soup version 0.29-a0-364-g921d912d32 (webtiles) character file.

Game seed: 10907216840069122086

25 benadryl the Ruffian (level 2, 0/29 HPs)
             Began as a Troll Delver on Apr 30, 2022.
             Succumbed to an orc's poison
             ... on level 3 of the Dungeon.
             The game lasted 00:01:50 (501 turns).

benadryl the Ruffian (Troll Delver)                  Turns: 501, Time: 00:01:51

Health: 0/29       AC:  4    Str: 19    XL:     2   Next: 82%
Magic:  1/1        EV: 10    Int:  6    God:
Gold:   0          SH:  5    Dex: 17    Spells: 1/1 levels left

rFire   . . .      SeeInvis .     - Unarmed
rCold   . . .      Faith    .   (no shield)
rNeg    . . .      Spirit   .   a - +0 robe
rPois   .          Reflect  +   (helmet restricted)
rElec   .          Harm     .   (no cloak)
rCorr   .          Rampage  .   (gloves unavailable)
Will    .....                   (boots unavailable)
Stlth   ++........              i - amulet of reflection
HPRegen 0.89/turn               g - +6 ring of dexterity
MPRegen 0.07/turn               (no ring)

@: lethally poisoned (0 -> -3), attractive
A: large, unfitting armour, claws 3, regeneration 1, shaggy fur 1, tough skin 1
a: no special abilities


You were on level 3 of the Dungeon.
You visited 1 branch of the dungeon, and saw 3 of its levels.

Inventory:

Missiles
 h - 4 poisoned darts (quivered)
Armour
 a - a +0 robe (worn)
Jewellery
 g - a +6 ring of dexterity (left claw)
 i - an amulet of reflection (around neck)
Wands
 f - a wand of digging (3)
Scrolls
 b - a scroll of fog
 c - 3 scrolls of magic mapping
 d - a scroll of fear
 j - 2 scrolls of identify {unknown}
 o - a scroll of teleportation {unknown}
 p - a scroll of acquirement {unknown}
Potions
 e - a potion of haste
 k - a potion of cancellation {unknown}
 l - a potion of lignification {unknown}
 m - a potion of flight {unknown}


   Skills:
 + Level 2.7 Fighting
 - Level 1.5 Dodging
 - Level 2.7 Stealth
 * Level 3.0 Unarmed Combat


You had one spell level left.
You didn't know any spells.
Your spell library was empty.

Dungeon Overview and Level Annotations

Branches:
Dungeon (5/15)
 Temple: D:4-7

Altars:


Innate Abilities, Weirdness & Mutations

You are too large for most types of armour.
You have claws for hands.
Your natural rate of healing is unusually fast.
You are covered in fur. (AC +1)
You have tough skin. (AC +1)


Message History

You kill the orc!
You scratch the orc priest but do no damage.
The orc priest is lightly wounded.
The orc priest hits you with a +0 dagger.
You scratch the orc priest.
The orc priest is heavily wounded.
The orc priest hits you with a +0 dagger.
You barely miss the orc priest.
The orc priest is heavily wounded.
You claw the orc priest!
The orc priest is almost dead.
The orc priest begins to cast a cantrip, but forgets the words!
You barely miss the orc priest.
The orc priest is almost dead.
The orc priest calls down the wrath of Beogh upon you.
Beogh smites you!
You are too injured to fight recklessly!
You are too injured to fight recklessly!
You are too injured to fight recklessly!
You are too injured to fight recklessly!
You scratch the orc priest.
The orc priest is almost dead.
You scratch the orc priest but do no damage.
The orc priest is almost dead.
The orc priest hits you with a +0 dagger.
The orc hits you but does no damage.
You scratch the orc priest but do no damage.
The orc priest is almost dead.
The orc priest closely misses you. The orc closely misses you.
You closely miss the orc priest.
The orc priest is almost dead.
The orc priest calls down the wrath of Beogh upon you.
Pain shoots through your body!
* * * LOW HITPOINT WARNING * * *
The orc hits you with a +0 whip of venom.
* * * LOW HITPOINT WARNING * * *
You are lethally poisoned!
It was a potion of attraction.
You feel attractive to monsters.
You die...

##### #.#.# #.#.# #.@o# #.#o#
###### ######.#.# #....#
#......#.# #.##.# #.######..
#.##.###.#....### #########
#..#.......##.#####.......#
###..#####.####.....#.#####.#
...............####.#.# ###.#
##


You could see an orc priest and an orc.

Vanquished Creatures
  A worm (D:3)
  2 dart slugs (D:4)
  2 orcs (D:3)
  A ball python (D:3)
  3 goblins
  A hobgoblin (D:4)
  3 jackals (D:4)
  A kobold (D:4)
14 creatures vanquished.

Notes
Turn   | Place    | Note
-------+----------+-------------------------------------------
     0 | D:5      | benadryl the Troll Delver began the quest for the Orb.
     0 | D:5      | Reached XP level 1. HP: 22/22 MP: 0/0
    22 | D:5      | Noticed an ogre
   112 | D:4      | Reached XP level 2. HP: 29/29 MP: 1/1
   491 | D:3      | Reached skill level 3 in Unarmed Combat
   500 | D:3      | HP: 1/29 [orc/+0 whip of venom (4)]
   501 | D:3      | Succumbed to an orc's poison

Illustrated notes

Levels and vault maps discovered:
D:3:      layout_basic
D:4:      layout_gridville, nicolae_overflow_hidden_temple,
          kennysheep_generic_room_14
D:5:      layout_loops_corners, serial_shops, shop, gammafunk_ghost_stat_death

Skill      XL: |  1  2 |
---------------+-------+-----
Unarmed Combat | 3 |  3.0
Fighting       | |  2.7
Dodging        | |  1.5
Stealth        | |  2.7

Action                   || total
-------------------------++-------
Melee: Unarmed           ||    42
Throw: Dart              ||     8
  Use: Potion            ||     1
 Stab: Sleeping          ||     2
Armor: Robe              ||     9
Dodge: Dodged            ||    13
Block: Other             ||     7

Table legend: (Time is in decaauts)
 A = Elapsed time spent in this place.
 B = Non-inter-level travel time spent in this place.
 C = Inter-level travel time spent in this place.
 D = Time resting spent in this place.
 E = Time spent auto-exploring this place.
 F = Levels seen in this place.
 G = Mean time per level.
                   A        B        C        D        E       F      G
               +--------+--------+--------+--------+--------+-----+--------+
         Total |    497 |    470 |     27 |      0 |    299 |   3 |  165.7 |
       Dungeon |    497 |    470 |     27 |      0 |    299 |   3 |  165.7 |
               +--------+--------+--------+--------+--------+-----+--------+

Top non-repeatable levels by time:
     D:3: 282 daAuts
     D:4: 181 daAuts
     D:5: 33 daAuts
